 Dungeon Crawl Stone Soup version 0.29-a0-330-g52719c12eb (webtiles) character file.

Game seed: 241992215063234080

87 kae the Chiller (level 4, -7/32 HPs)
             Began as a Merfolk Ice Elementalist on Apr 15, 2022.
             Killed by divine providence
             ... invoked by an orc priest
              (14 damage)
             ... on level 3 of the Dungeon.
             The game lasted 00:01:26 (2414 turns).

kae the Chiller (Merfolk Ice Elementalist)          Turns: 2414, Time: 00:01:27

Health: -7/32      AC:  2    Str:  8    XL:     4   Next: 51%
Magic:  7/7        EV: 17    Int: 16    God:
Gold:   101        SH:  0    Dex: 14    Spells: 4/8 levels left

rFire   . . .      SeeInvis .   d - +2 dagger (venom)
rCold   . . .      Faith    .   (no shield)
rNeg    . . .      Spirit   .   a - +0 robe
rPois   .          Reflect  .   (no helmet)
rElec   .          Harm     .   (no cloak)
rCorr   .          Rampage  .   (no gloves)
Will    .....                   (no boots)
Stlth   ++........              (no amulet)
HPRegen 0.10/turn               f - +4 ring of evasion
MPRegen 0.10/turn               (no ring)

@: no status effects
A: (nimble swimmer 2), mertail
a: no special abilities


You were on level 3 of the Dungeon.
You visited 1 branch of the dungeon, and saw 3 of its levels.

You collected 101 gold pieces.

Inventory:

Hand Weapons
 d - a +2 dagger of venom (weapon)
 e - a +0 spear
Armour
 a - a +0 robe (worn)
 n - a +0 pair of gloves
Jewellery
 f - a +4 ring of evasion (left hand)
Scrolls
 c - 2 scrolls of vulnerability {unknown}
Potions
 b - a potion of magic
 g - a potion of might {unknown}
 h - 3 potions of brilliance
 i - a potion of degeneration {unknown}
 j - a potion of lignification {unknown}
 k - a potion of cancellation
 l - a potion of resistance {unknown}
 m - a potion of mutation {unknown}
 o - 2 potions of berserk rage {unknown}
 p - a potion of invisibility {unknown}


   Skills:
 + Level 1.5 Fighting
 + Level 1.4 Polearms
 + Level 3.4 Dodging
 - Level 2.1 Stealth
 + Level 2.5 Spellcasting
 * Level 5.2 Ice Magic


You had 4 spell levels left.
You knew the following spells:

 Your Spells              Type           Power      Damage    Failure   Level
a - Freeze                Ice            72%        1d9       2%          1
b - Frozen Ramparts       Ice            36%        1d5       7%          3

Your spell library contained the following spells:

 Spells                   Type           Power      Damage    Failure   Level
 Ozocubu's Armour         Ice            18%        N/A       7%          3
 Portal Projectile        Hex/Tloc       4%         N/A       52%         3
 Hailstorm                Conj/Ice       10%        3d5       56%         4
 Olgreb's Toxic Radiance  Pois           2%         N/A       89%         4
 Blade Hands              Tmut           1%         N/A       99%         5
 Excruciating Wounds      Necr           1%         N/A       99%         5
 Ozocubu's Refrigeration  Ice            9%         4d6       100%        7
 Ignition                 Fire           1%         3d3       100%        8


Dungeon Overview and Level Annotations

Branches:
Dungeon (3/15)

Altars:


Innate Abilities, Weirdness & Mutations

((You are very nimble when in or above water. (Stealth+, EV+, Speed+++)))
Your lower body shifts to a powerful aquatic tail in water.


Message History

Found 10 gold pieces.
An orc is nearby!
The orc shouts!
You hear a shout! x2
An orc comes into view. It is wielding a +0 club.
There are monsters nearby!
You hit the orc.
The orc is poisoned.
The orc is lightly wounded.
The orc hits you with a +0 club.
You hit the orc.
The orc is severely wounded.
The orc barely misses you.
An orc priest comes into view. It is wielding a +0 short sword.
There are monsters nearby!
You closely miss the orc.
The orc is severely wounded.
The orc completely misses you.
You barely miss the orc.
The orc is severely wounded.
You kill the orc!
An orc comes into view. It is wielding a +0 hand axe.
The orc shouts!
The orc priest looks satisfied for a moment.
The orc attacks as you move away! The orc misses you.
The orc attacks as you move away! The orc hits you with a +0 club.
The orc attacks as you move away! The orc completely misses you.
The orc attacks as you move away! The orc misses you.
The orc attacks as you move away! The orc barely misses you.
The orc attacks as you move away! The orc hits you with a +0 club.
The orc attacks as you move away! The orc hits you with a +0 club.
The orc attacks as you move away! The orc closely misses you.
The orc attacks as you move away! The orc hits you with a +0 club.
The orc priest calls down the wrath of Beogh upon you.
Beogh smites you! The orc attacks as you move away!
The orc hits you with a +0 club.
* * * LOW HITPOINT WARNING * * *
The orc attacks as you move away! The orc closely misses you.
The orc attacks as you move away! The orc misses you.
The orc priest invokes the aid of Beogh against you.
Beogh smites you!
You die...

.o..######..
..#
............
#.#
)..$.......#
#.#
........$..#
#.# ......#.##.
#.# #...#o# #.#
....#o# ##.#
#####.# ##<.###
...##.#
##.@...##
##.##.#
#..o..#.#
##.##.#
#.....#.#
......#
#.....#.#
.#o####
##.....## .#.#
####.## ...#
######## #o#
.### #......#
#o#
o#######.####.#
#.#


You could see an orc priest and 2 orcs.

Vanquished Creatures
  Natasha (D:2)
  A dart slug (D:1)
  2 worms (D:2)
  An orc (D:3)
  8 ball pythons
  4 endoplasms
  4 giant cockroaches (D:1)
  3 goblins
  4 hobgoblins
  2 jackals (D:1)
  8 kobolds
  2 quokkas
  7 bats
  A frilled lizard (D:2)
  2 rats (D:2)
50 creatures vanquished.

Notes
Turn   | Place    | Note
-------+----------+-------------------------------------------
     0 | D:1      | kae the Merfolk Ice Elementalist began the quest for the
                  | Orb.
     0 | D:1      | Reached XP level 1. HP: 13/13 MP: 3/3
   338 | D:1      | Reached XP level 2. HP: 20/20 MP: 5/5
   712 | D:1      | Reached skill level 1 in Fighting
   848 | D:1      | Reached XP level 3. HP: 26/26 MP: 6/6
  1378 | D:2      | Learned a level 3 spell: Frozen Ramparts
  1716 | D:2      | Reached skill level 1 in Polearms
  1818 | D:2      | Noticed Natasha
  1845 | D:2      | Killed Natasha
  1846 | D:2      | Reached skill level 5 in Ice Magic
  1846 | D:2      | Reached XP level 4. HP: 25/32 MP: 7/7
  2414 | D:3      | Killed from afar by an orc priest

Illustrated notes

Levels and vault maps discovered:
D:1:      ncdulo_lavacross, layout_basic
D:2:      layout_rooms, minmay_split_cup_large, uniq_natasha
D:3:      layout_loops_cross, ebering_ecumenical_altar_abandoned

Skill      XL: |  1  2  3 |
---------------+----------+-----
Dodging        | 3 |  3.4
Fighting       | 1 |  1.5
Polearms       | 1 |  1.4
Ice Magic      | 5 |  5.2
Stealth        | |  2.1
Spellcasting   | |  2.5

Action                   |  1- 3 |  4- 6 || total
-------------------------+-------+-------++-------
Melee: Dagger            |    80 |    23 ||   103
 Cast: Freeze            |    11 |     3 ||    14
  Use: Potion            |       |     3 ||     3
 Stab: Sleeping          |     5 |     2 ||     7
Armor: Robe              |     7 |     6 ||    13
Dodge: Dodged            |    47 |    25 ||    72

Table legend: (Time is in decaauts)
 A = Elapsed time spent in this place.
 B = Non-inter-level travel time spent in this place.
 C = Inter-level travel time spent in this place.
 D = Time resting spent in this place.
 E = Time spent auto-exploring this place.
 F = Levels seen in this place.
 G = Mean time per level.
                   A        B        C        D        E       F      G
               +--------+--------+--------+--------+--------+-----+--------+
         Total |   2412 |   2335 |     77 |    176 |   1785 |   3 |  804.0 |
       Dungeon |   2412 |   2335 |     77 |    176 |   1785 |   3 |  804.0 |
               +--------+--------+--------+--------+--------+-----+--------+

Top non-repeatable levels by time:
     D:2: 1175 daAuts
     D:1: 1097 daAuts
     D:3: 139 daAuts
